 Dungeon Sprint DCSS version 0.18-a0-1677-g2bdad6c (webtiles) character file.

791 pipel the Cleaver (level 7, 0/70 HPs)
             Began as a Minotaur Gladiator on Apr 2, 2016.
             Was a Believer of Okawaru.
             Succumbed to a sea snake's poison
             ... while paralysed
             ... in the Dungeon (Sprint VII: "The Pits").
             The game lasted 00:02:51 (324 turns).

pipel the Cleaver (Minotaur Gladiator)               Turns: 324, Time: 00:02:52

Health: 0/70       AC: 14    Str: 21    XL:     7   Next: 57%
Magic:  3/6        EV:  2    Int:  5    God:    Okawaru [**....]
Gold:   0          SH:  0    Dex: 11    Spells: 0 memorised, 6 levels left

rFire  . . .     SeeInvis .     a - +0 war axe
rCold  . . .     Gourm    .     t - +2 plate armour
rNeg   . . .     Faith    .     (no shield)
rPois  .         Spirit   .     c - +0 hat
rElec  .         Dismiss  .     (no cloak)
rCorr  .         Reflect  .     (no gloves)
SustAt .         Harm     .     (no boots)
MR     .....     NoTele   +     (no amulet)
Stlth  ..........               (no ring)
                                (no ring)

@: paralysed, lethally poisoned (0 -> -77), exhausted, slowed, not resistant to
hostile enchantments, extremely unstealthy
A: retaliatory headbutt, horns 2
a: Heroism, Renounce Religion


You were in the Dungeon.
You worshipped Okawaru.
Okawaru was pleased with you.
You were not hungry.

You visited 1 branch

Inventory:

Hand Weapons
 a - a +0 war axe (weapon)
Missiles
 d - 2 throwing nets (quivered)
 o - 10 stones
Armour
 b - a +0 leather armour
 c - a +0 hat (worn)
 t - a +2 plate armour (worn)
Magical Staves
 p - an uncursed staff of energy
Scrolls
 k - a scroll of blinking
 q - 3 scrolls of remove curse
 r - 5 scrolls of amnesia
 s - a scroll of summoning
Potions
 e - 6 potions of curing
 g - 6 potions of heal wounds
 h - a potion of haste
 i - 4 potions of magic
 j - 2 potions of berserk rage
 n - 2 potions of invisibility
Comestibles
 f - 8 bread rations
 l - 40 fruits
 m - 7 meat rations


   Skills:
 + Level 9.1 Fighting
 + Level 12.1 Axes
 - Level 2.5 Throwing
 + Level 6.3 Armour
 + Level 10.8 Dodging
 + Level 2.1 Stealth


You had 6 spell levels left.
You didn't know any spells.

Dungeon Overview and Level Annotations

Branches:
Dungeon (1/1)

Altars:
Ashenzari
Cheibriados
Dithmenos
Elyvilon
Fedhas
Gozag
Kikubaaqudgha
Makhleb
Nemelex Xobeh
Okawaru
Pakellas
Qazlal
Ru
Sif Muna
Trog
Vehumet
Xom
Yredelemnul
Zin
The Shining One
Beogh
Jiyva
Lugonu


Innate Abilities, Weirdness & Mutations

You reflexively headbutt those who attack you in melee.
You have a pair of horns on your head.


Message History

You closely miss the sea snake.
The sea snake is moderately wounded.
You feel sick. The sea snake bites you!
* * * LOW HITPOINT WARNING * * *
You take 11 damage, and have 25/105 hp.
You barely miss the sea snake.
The sea snake is moderately wounded.
You feel sick.
You take 1 damage, and have 24/105 hp.
You slice the sea snake!! You headbutt the sea snake.
The sea snake is almost dead.
You are no longer berserk.
You pass out from exhaustion.
You feel yourself slow down.
* * * LOW HITPOINT WARNING * * *
You feel sick. The sea snake bites you!
* * * LOW HITPOINT WARNING * * *
You are more poisoned.
The sea snake poisons you!
You die...

#.##)#.....##...<...#
#Z#........##.......#
#.#........##.......#
#'###########.......#
#.......#.. #########
#.###...#.######
#.#.....#)#....#
#.#...#.#)#....#
#.....#.#.@)...+
#...###†#'#S...#
#.......'.#....#
################


You could see a sea snake.

Vanquished Creatures
  An orc sorcerer (D)
  An eye of draining (D)
  3 wights (D)
  A crimson imp (D)
  A quasit (D)
  An orc priest (D)
  2 orc wizards (D)
  A giant eyeball (D)
  2 oozes (D)
  2 adder zombies (D)
  A ball python (D)
  A bat (D)
  A giant cockroach (D)
  2 goblins (D)
  A hobgoblin (D)
  3 jackals (D)
  A jackal zombie (D)
  2 rats (D)
27 creatures vanquished.

Notes
Turn   | Place    | Note
--------------------------------------------------------------
     0 | D        | pipel the Minotaur Gladiator began the quest for the Orb.
     0 | D        | Reached XP level 1. HP: 18/18 MP: 0/0
    13 | D        | Paralysed by a giant eyeball for 2 turns
    16 | D        | Reached skill level 4 in Axes
    26 | D        | Found a sacrificial altar of Ru.
    26 | D        | Found a basalt altar of Yredelemnul.
    26 | D        | Found a glowing golden altar of the Shining One.
    26 | D        | Found a deep blue altar of Sif Muna.
    26 | D        | Found a burning altar of Makhleb.
    26 | D        | Found an ancient bone altar of Kikubaaqudgha.
    26 | D        | Found a glowing silver altar of Zin.
    27 | D        | Found a shadowy altar of Dithmenos.
    27 | D        | Found a bloodstained altar of Trog.
    27 | D        | Found a shattered altar of Ashenzari.
    27 | D        | Found a white marble altar of Elyvilon.
    27 | D        | Found a snail-covered altar of Cheibriados.
    27 | D        | Found a blossoming altar of Fedhas.
    27 | D        | Found a radiant altar of Vehumet.
    27 | D        | Found a shimmering altar of Xom.
    27 | D        | Found a sparkling altar of Nemelex Xobeh.
    27 | D        | Found a corrupted altar of Lugonu.
    27 | D        | Found a viscous altar of Jiyva.
    27 | D        | Found a roughly hewn altar of Beogh.
    27 | D        | Found an iron altar of Okawaru.
    28 | D        | Found an oddly glowing altar of Pakellas.
    31 | D        | Found a stormy altar of Qazlal.
    32 | D        | Found an opulent altar of Gozag.
    34 | D        | Became a worshipper of Warmaster Okawaru
    62 | D        | Reached XP level 2. HP: 16/25 MP: 1/1
    77 | D        | Reached skill level 5 in Axes
   140 | D        | Noticed a wight
   164 | D        | Reached skill level 5 in Dodging
   166 | D        | Killed a wight
   166 | D        | Reached skill level 6 in Axes
   166 | D        | Reached XP level 3. HP: 24/34 MP: 2/2
   215 | D        | Reached skill level 1 in Armour
   215 | D        | Reached XP level 4. HP: 36/41 MP: 3/3
   228 | D        | Reached skill level 5 in Fighting
   228 | D        | Reached skill level 7 in Axes
   230 | D        | Reached skill level 8 in Axes
   230 | D        | Reached XP level 5. HP: 35/49 MP: 4/4
   272 | D        | Reached * piety under Okawaru
   279 | D        | Noticed an eye of draining
   289 | D        | Killed an eye of draining
   289 | D        | Reached skill level 9 in Axes
   289 | D        | Reached skill level 1 in Stealth
   289 | D        | Reached XP level 6. HP: 52/58 MP: 0/5
   302 | D        | Reached skill level 10 in Axes
   311 | D        | Noticed a sea snake
   312 | D        | Noticed an orc sorcerer
   319 | D        | Killed an orc sorcerer
   319 | D        | Reached ** piety under Okawaru
   319 | D        | Reached skill level 12 in Axes
   319 | D        | Reached skill level 10 in Dodging
   319 | D        | Reached XP level 7. HP: 52/70 MP: 3/6
   324 | D        | Succumbed to a sea snake's poison

Vault maps used:
D:        pitsprint

Skill      XL: |  1  2  3  4  5  6 |
---------------+-------------------+-----
Axes           | 4 6 8 9 12 | 12.1
Dodging        | 4 6 7 8 10 | 10.8
Fighting       | 4 5 6 9 |  9.1
Armour         | 1 2 3 6 |  6.3
Stealth        | 1 2 |  2.1
Throwing       | |  2.5

Action                   |  1- 3 |  4- 6 |  7- 9 || total
-------------------------+-------+-------+-------++-------
Melee: War axe           |    33 |    47 |     4 ||    84
Throw: Throwing net      |       |     3 |       ||     3
  Use: Potion            |       |     1 |       ||     1
 Stab: Held in net/web   |       |     1 |       ||     1
